 Dungeon Crawl Stone Soup version 0.25-a0-404-gc1b5a34292 (webtiles) character file.

Game seed: 13665139225125995480, levelgen mode: deterministic

34 Jerej03 the Gusty (level 3, 0/19 HPs)
             Began as a Deep Elf Air Elementalist on Jan 11, 2020.
             Slain by an adder (1 damage)
             ... on level 2 of the Dungeon.
             The game lasted 00:05:07 (729 turns).

Jerej03 the Gusty (Deep Elf Air Elementalist)        Turns: 729, Time: 00:05:08

Health: 0/19       AC:  4    Str:  5    XL:     3   Next: 14%
Magic:  0/9        EV: 13    Int: 20    God:
Gold:   78         SH:  0    Dex: 15    Spells: 7/8 levels left

rFire    . . .     SeeInvis .   d - +2 hand axe (chop)
rCold    . . .     Gourm    .   (no shield)
rNeg     . . .     Faith    .   a - +0 robe
rPois    .         Spirit   .   (no helmet)
rElec    .         Reflect  .   e - +0 cloak
rCorr    .         Harm     .   (no gloves)
MR       .....                  b - +0 pair of boots
Stlth    ++........             (no amulet)
HPRegen  0.06/turn              (no ring)
MPRegen  0.11/turn              (no ring)

@: lethally poisoned (0 -> -3), very slightly contaminated
A: no striking features
a: no special abilities


You were on level 2 of the Dungeon.
You were not hungry.

You visited 1 branch of the dungeon, and saw 2 of its levels.

You collected 78 gold pieces.

Inventory:

Hand Weapons
 d - a +2 hand axe of chopping (weapon)
Armour
 a - a +0 robe (worn)
 b - a +0 pair of boots (worn)
 e - a +0 cloak (worn)
Comestibles
 c - 3 rations


   Skills:
 + Level 2.6 Dodging
 + Level 2.7 Stealth
 + Level 3.3 Spellcasting
 + Level 1.2 Conjurations
 + Level 3.8 Air Magic


You had 7 spell levels left.
You knew the following spells:

 Your Spells              Type           Power        Failure   Level  Hunger
a - Shock                 Conj/Air       ##..         4%          1    None

Your spell library contained the following spells:

 Spells                   Type           Power        Failure   Level  Hunger
 Swiftness                Chrm/Air       ##......     10%         2    ##.....
 Static Discharge         Conj/Air       ##......     14%         3    ###....
 Airstrike                Air            ###.......   28%         4    ####...
 Lightning Bolt           Conj/Air       ##........   80%         5    ######.


Dungeon Overview and Level Annotations

Branches:
Dungeon (2/15)

Altars:
Wu Jian


Message History

The adder barely misses you. The adder bites you.
* * * LOW HITPOINT WARNING * * *
You are poisoned.
The adder poisons you!
* * * LOW HITPOINT WARNING * * *
You feel sick.
You barely miss the adder.
The adder is moderately wounded.
The adder bites you but does no damage. The adder bites you.
* * * LOW HITPOINT WARNING * * *
* * * LOW HITPOINT WARNING * * *
You feel sick. The adder barely misses you.
Casting: Shock (safe; 4% risk of failure)
Confirm with . or Enter, or press ? or * to list all spells.
Aiming: Shock (safe; 4% risk of failure)
Press: ? - help, Shift-Dir - straight line, f/p - adder
Aim: an adder (moderately wounded)
The zap misses the adder.
The adder bites you.
You die...

... . #.# .
#†# . #.# .
#.## # #..#
##.##
#.S#########
##.@.......#
#.........#
#.........#
##..#######
##.# #.##
###..#
#....##
#.....#


You could see an adder.

Vanquished Creatures
  An adder (D:2)
  An ooze (D:2)
  2 ball pythons
  4 bats
  2 goblins
  A hobgoblin (D:1)
  3 jackals (D:1)
  A kobold (D:2)
  A frilled lizard (D:2)
  4 rats
20 creatures vanquished.

Notes
Turn   | Place    | Note
-------+----------+-------------------------------------------
     0 | D:1      | Jerej03 the Deep Elf Air Elementalist began the quest for
                  | the Orb.
     0 | D:1      | Reached XP level 1. HP: 10/10 MP: 6/6
   310 | D:1      | Reached XP level 2. HP: 4/15 MP: 0/8
   626 | D:2      | Found an ornate altar of the Wu Jian Council.
   676 | D:2      | Reached XP level 3. HP: 10/19 MP: 0/9
   729 | D:2      | Slain by an adder

Levels and vault maps discovered:
D:1:      eino_arrival_druids_welcome, layout_rooms, columned_hall_lemuel
D:2:      layout_basic, nicolae_overflow_crystal_walls

Action                   || total
-------------------------++-------
Melee: Hand axe          ||     7
 Cast: Shock             ||    48
  Use: Scroll            ||     3
       Potion            ||     2
Armor: Robe              ||    35
Dodge: Dodged            ||    45

Table legend:
 A = Non-vault XP
 B = Vault XP
 C = Vault XP percentage of total XP
 D = Non-vault monster count
 E = Vault monster count
 F = Vault count percentage of total count
                 A         B        C        D         E       F
            +---------+---------+-------+---------+---------+-------
      Total |      49 |       0 |   0.0 |      20 |       0 |   0.0
            +---------+---------+-------+---------+---------+-------
        D:1 |      18 |       0 |   0.0 |      11 |       0 |   0.0
        D:2 |      31 |       0 |   0.0 |       9 |       0 |   0.0
            +---------+---------+-------+---------+---------+-------
